 Dungeon Crawl Stone Soup version 0.28-a0-1147-gc7b72d3202 (webtiles) character file.

Game seed: 8424874087091921384

170 BinkBink the Slasher (level 5, -1/45 HPs)
             Began as a Minotaur Monk on Dec 14, 2021.
             Was a Follower of Ru.
             Killed by divine providence
             ... invoked by an orc priest
              (9 damage)
             ... on level 4 of the Dungeon.
             The game lasted 00:02:55 (3112 turns).

BinkBink the Slasher (Minotaur Monk)                Turns: 3112, Time: 00:02:56

Health: -1/45      AC:  2    Str: 16    XL:     5   Next: 26%
Magic:  4/4        EV: 13    Int:  7    God:    Ru [*.....]
Gold:   197        SH:  0    Dex: 14    Spells: 4/4 levels left

rFire   . . .      SeeInvis .   a - +0 falchion
rCold   . . .      Faith    .   (no shield)
rNeg    . . .      Spirit   .   b - +0 robe
rPois   .          Reflect  .   (helmet restricted)
rElec   .          Harm     .   (no cloak)
rCorr   .          Rampage  .   (no gloves)
Will    .....                   (no boots)
Stlth   ++........              (no amulet)
HPRegen 0.15/turn               (no ring)
MPRegen 0.09/turn               (no ring)

@: no status effects
A: horns 2, no hexes magic, no poison magic, no summoning magic, retaliatory
headbutt
a: Renounce Religion


You were on level 4 of the Dungeon.
You worshipped Ru.
Ru was aware of your devotion.
You visited 1 branch of the dungeon, and saw 4 of its levels.

You collected 197 gold pieces.

Inventory:

Hand Weapons
 a - a +0 falchion (weapon)
Armour
 b - a +0 robe (worn)
 g - a +0 buckler
Wands
 p - a wand of acid (7)
Scrolls
 c - 4 scrolls of identify {unknown}
 e - 3 scrolls of teleportation {unknown}
 f - 2 scrolls of blinking {unknown}
 h - a scroll of holy word {unknown}
 j - a scroll of noise {unknown}
 k - 3 scrolls of silence {unknown}
 l - 2 scrolls of fear {unknown}
 m - 3 scrolls of brand weapon {unknown}
Potions
 d - a potion of berserk rage {unknown}
 i - 3 potions of curing {unknown}
 n - 2 potions of heal wounds {unknown}
 o - a potion of lignification {unknown}
 q - a potion of brilliance {unknown}


   Skills:
 - Level 3.6 Fighting
 + Level 7.3 Long Blades
 - Level 3.2 Dodging
 - Level 1.5 Stealth


You had 4 spell levels left.
You didn't know any spells.
Your spell library contained the following spells:

 Spells                   Type           Power      Damage    Failure   Level
 Call Canine Familiar     Summ           Unusable   N/A       N/A         3
 Portal Projectile        Hex/Tloc       Unusable   N/A       N/A         3
 Leda's Liquefaction      Hex/Erth       Unusable   N/A       N/A         4

Dungeon Overview and Level Annotations

Branches:
Dungeon (4/15)
 Temple: D:4-7

Altars:
Cheibriados
Ru

Annotations:
D:4 Menkaure


Innate Abilities, Weirdness & Mutations

You have a pair of horns on your head.
You cannot study or cast Hexes magic.
You cannot study or cast Poison magic.
You cannot study or cast Summoning magic.
You reflexively headbutt those who attack you in melee.


Message History

Beogh smites you!
The goblin shouts!
You hear an angry hiss.
You hit the orc priest.
You kill the orc priest!
Your Long Blades skill increases to level 7!
You hit the endoplasm but do no damage. The endoplasm misses you.
You furiously retaliate!
You headbutt the endoplasm. You hit the endoplasm.
You kill the endoplasm!
An adder comes into view.
You miss the goblin.
A hound comes into view.
The goblin is stunned by your conviction and fails to attack.
The hound barks!
You hit the goblin.
You kill the goblin!
Menkaure, Prince of Dust comes into view.
You barely miss the orc.
The hound stops to sniff the ground.
The orc hits you with a +0 short sword.
You hit the orc.
The orc is heavily wounded.
The orc barely misses you.
You slash the orc!
You kill the orc!
You closely miss the hound. The hound bites you. x2
Menkaure calls on the powers of darkness!
The orc priest convulses!
The hound convulses!
Your body is wracked with pain!
* * * LOW HITPOINT WARNING * * *
The orc priest looks braver for a moment.
The hound closely misses you.
Menkaure gestures wildly while chanting.
Menkaure seems to speed up.
The hound bites you.
* * * LOW HITPOINT WARNING * * *
Menkaure mumbles in an indecipherable tongue.
The hound bites you.
* * * LOW HITPOINT WARNING * * *
The orc priest invokes the aid of Beogh against you.
Beogh smites you!
You die...

###.##.##<..# ##.$ ....
....##.##...# .#. ....
##..........####.# #..# ....#
.......##.....).# #... ....#
###.#######.####.# .o.##....#
#.# #... #..#....#. #.# ######
########........ #.#
##.#######...oM.)........
#.#####.......@hS##############
#..>.....######### ##########


You could see Menkaure (fast), a hound, an orc priest and an adder.

Vanquished Creatures
  An orc priest (D:4)
  An orc wizard (D:3)
  2 adders (D:2)
  A gnoll (D:1)
  2 worms (D:2)
  2 dart slugs
  6 orcs
  5 ball pythons
  6 endoplasms
  3 giant cockroaches (D:1)
  4 goblins
  8 hobgoblins
  6 jackals
  9 kobolds
  5 quokkas
  4 bats
  2 frilled lizards
  2 rats
69 creatures vanquished.

Vanquished Creatures (others)
  A worm (D:3)
1 creature vanquished.

Grand Total: 70 creatures vanquished

Notes
Turn   | Place    | Note
-------+----------+-------------------------------------------
     0 | D:1      | BinkBink the Minotaur Monk began the quest for the Orb.
     0 | D:1      | Reached XP level 1. HP: 19/19 MP: 0/0
   112 | D:1      | Reached skill level 4 in Long Blades
   182 | D:1      | Reached XP level 2. HP: 16/26 MP: 1/1
   617 | D:1      | Reached skill level 5 in Long Blades
   625 | D:1      | Reached XP level 3. HP: 19/31 MP: 2/2
  1540 | D:2      | Reached skill level 6 in Long Blades
  1540 | D:2      | Reached XP level 4. HP: 34/39 MP: 3/3
  2209 | D:3      | Found a sacrificial altar of Ru.
  2219 | D:3      | Became a worshipper of Ru the Awakened
  2231 | D:3      | Gained mutation: You cannot study or cast Poison magic. [Ru
                  | sacrifice]
  2231 | D:3      | Gained mutation: You cannot study or cast Hexes magic. [Ru
                  | sacrifice]
  2231 | D:3      | Gained mutation: You cannot study or cast Summoning magic.
                  | [Ru sacrifice]
  2231 | D:3      | Reached * piety under Ru
  2952 | D:4      | Found a snail-covered altar of Cheibriados.
  3096 | D:4      | Reached XP level 5. HP: 43/45 MP: 4/4
  3098 | D:4      | Reached skill level 7 in Long Blades
  3101 | D:4      | Noticed Menkaure
  3112 | D:4      | Killed from afar by an orc priest

Illustrated notes

Levels and vault maps discovered:
D:1:      wander_arrival_peaceful_grave, layout_loops_ring, minmay_cut_off
D:2:      layout_loops_ring
D:3:      layout_basic, nicolae_ru_awakened_eye
D:4:      layout_loops_ring, kennysheep_slug_shrine, temple_statues,
          serial_shops, shop, minmay_misc_feat_iff, uniq_menkaure

Skill      XL: |  1  2  3  4  5 |
---------------+----------------+-----
Long Blades    | 4 5 6 7 |  7.3
Fighting       | |  3.6
Dodging        | |  3.2
Stealth        | |  1.5

Action                   |  1- 3 |  4- 6 || total
-------------------------+-------+-------++-------
Melee: Falchion          |    77 |    65 ||   142
       Headbutt          |     9 |     7 ||    16
Invok: Sacrifice Arcana  |       |     1 ||     1
 Stab: Sleeping          |     4 |     4 ||     8
Armor: Robe              |    10 |     5 ||    15
Dodge: Dodged            |    57 |    30 ||    87

Table legend: (Time is in decaauts)
 A = Elapsed time spent in this place.
 B = Non-inter-level travel time spent in this place.
 C = Inter-level travel time spent in this place.
 D = Time resting spent in this place.
 E = Time spent auto-exploring this place.
 F = Levels seen in this place.
 G = Mean time per level.
                   A        B        C        D        E       F      G
               +--------+--------+--------+--------+--------+-----+--------+
         Total |   3118 |   3047 |     71 |      0 |   2624 |   4 |  779.5 |
       Dungeon |   3118 |   3047 |     71 |      0 |   2624 |   4 |  779.5 |
               +--------+--------+--------+--------+--------+-----+--------+

Top non-repeatable levels by time:
     D:2: 1197 daAuts
     D:1: 951 daAuts
     D:3: 749 daAuts
     D:4: 219 daAuts
